 Dungeon Crawl Stone Soup version 0.29-a0-304-gb34f9e133a (webtiles) character file.

Game seed: 15951911893987323813

2 Ajdolov the Sneak (level 1, 0/12 HPs)
             Began as a Kobold Brigand on Mar 26, 2022.
             Slain by a kobold
             ... wielding a +0 dagger
              (2 damage)
             ... on level 1 of the Dungeon.
             The game lasted 00:00:40 (40 turns).

Ajdolov the Sneak (Kobold Brigand)                    Turns: 40, Time: 00:00:41

Health: 0/12       AC:  3    Str:  8    XL:     1   Next: 44%
Magic:  1/1        EV: 14    Int: 12    God:
Gold:   0          SH:  0    Dex: 16    Spells: 0/0 levels left

rFire   . . .      SeeInvis .   a - +2 dagger
rCold   . . .      Faith    .   (no shield)
rNeg    . . .      Spirit   .   b - +0 robe
rPois   .          Reflect  .   (no helmet)
rElec   .          Harm     .   c - +0 cloak
rCorr   .          Rampage  .   (no gloves)
Will    .....                   (no boots)
Stlth   ++++......              (no amulet)
HPRegen 0.04/turn               (no ring)
MPRegen 0.07/turn               (no ring)

@: no status effects
A: small, no large weapons, nightstalker 3
a: no special abilities


You were on level 1 of the Dungeon.
You visited 1 branch of the dungeon, and saw 1 of its levels.

Inventory:

Hand Weapons
 a - a +2 dagger (weapon)
Missiles
 d - 9 poisoned darts (quivered)
 e - 3 curare-tipped darts
Armour
 b - a +0 robe (worn)
 c - a +0 cloak (worn)


   Skills:
 - Level 2.1 Fighting
 + Level 2.9 Short Blades
 - Level 2.1 Throwing
 - Level 1.2 Dodging
 + Level 5.4 Stealth


You couldn't memorise any spells.
You didn't know any spells.
Your spell library was empty.

Dungeon Overview and Level Annotations

Branches:
Dungeon (1/15)

Altars:


Innate Abilities, Weirdness & Mutations

You are small and have problems with some larger weapons.
You are completely attuned to the shadows.


Message History

The kobold attacks as you move away! The kobold closely misses you.
The giant cockroach attacks as you move away!
The giant cockroach splashes around in the water.
The giant cockroach bites you but does no damage.
You closely miss the giant cockroach.
The giant cockroach bites you but does no damage. x2
You closely miss the giant cockroach. The goblin closely misses you.
The giant cockroach bites you but does no damage.
You hit the giant cockroach.
The giant cockroach is heavily wounded.
The goblin hits you with a +0 club. The goblin barely misses you.
The giant cockroach misses you.
Unknown command.
You hit the giant cockroach.
You kill the giant cockroach!
The goblin barely misses you. The goblin hits you with a +0 dagger.
Unknown command.
You barely miss the goblin. The goblin closely misses you.
The goblin hits you with a +0 club.
* * * LOW HITPOINT WARNING * * *
You hit the goblin.
The goblin is heavily wounded.
The hobgoblin misses you.
Unknown command.
You hit the goblin.
You kill the goblin!
The goblin barely misses you. The hobgoblin misses you.
You barely miss the kobold. The goblin closely misses you.
The kobold hits you but does no damage. The hobgoblin closely misses you.
Unknown command.
Why would you want to do that?
Unknown command.
Why would you want to do that? Why would you want to do that?
You aren't carrying any potions.
Unknown command.
You hit the hobgoblin.
You kill the hobgoblin!
The goblin closely misses you. The kobold hits you with a +0 dagger.
You die...

#.#≈≈≈≈≈...##..g..#.
#.≈≈≈≈≈....##.....#
#.≈≈≈≈≈....##.......
#g≈≈≈≈≈....#..#..?...
#.≈≈..≈.<..#.##.##...
#.≈≈≈......#
..≈≈≈......#
..≈≈≈K.g..(#
..#≈≈≈@≈≈≈##
#≈≈≈≈≈≈≈# #########


You could see a goblin and a kobold.

Vanquished Creatures
  A giant cockroach (D:1)
  A goblin (D:1)
  A hobgoblin (D:1)
3 creatures vanquished.

Notes
Turn   | Place    | Note
-------+----------+-------------------------------------------
     0 | D:1      | Ajdolov the Kobold Brigand began the quest for the Orb.
     0 | D:1      | Reached XP level 1. HP: 12/12 MP: 1/1
    40 | D:1      | Slain by a kobold

Illustrated notes

Levels and vault maps discovered:
D:1:      dpeg_arrival_pond, layout_basic

Action                   || total
-------------------------++-------
Melee: Dagger            ||    12
Armor: Robe              ||     6
Dodge: Dodged            ||    21

Table legend: (Time is in decaauts)
 A = Elapsed time spent in this place.
 B = Non-inter-level travel time spent in this place.
 C = Inter-level travel time spent in this place.
 D = Time resting spent in this place.
 E = Time spent auto-exploring this place.
 F = Levels seen in this place.
 G = Mean time per level.
                   A        B        C        D        E       F      G
               +--------+--------+--------+--------+--------+-----+--------+
         Total |     39 |     39 |      0 |      0 |      9 |   1 |   39.0 |
       Dungeon |     39 |     39 |      0 |      0 |      9 |   1 |   39.0 |
               +--------+--------+--------+--------+--------+-----+--------+

Top non-repeatable levels by time:
     D:1: 39 daAuts
